 Dungeon Crawl Stone Soup version 0.30.0-17-ge0270778cf (webtiles) character file.

Game seed: 17782322519138051030

1328 RascalDebosk the Magician (level 8, -5/59 HPs)
             Began as a Djinni Conjurer on May 22, 2023.
             Was an Initiate of Gozag.
             Killed from afar by a white imp (10 damage)
             ... with a puff of frost
             ... on level 6 of the Dungeon.
             The game lasted 00:28:27 (5579 turns).

RascalDebosk the Magician (Djinni Conjurer)         Turns: 5579, Time: 00:28:27

Health: -5/59      AC:  2    Str:  6    XL:     8   Next: 91%
Gold:   357        EV: 11    Int: 21    God:    Gozag SH:  5 Dex: 13

rFire   + + +        v - +4 rapier "Ywniutae" {freeze, rElec rF+}
rCold   x . .        h - +0 buckler
rNeg    + . .        a - +0 robe
rPois   ∞            (no helmet)
rElec   +            (no cloak)
rCorr   .            (no gloves)
SInv    .            (boots unavailable)
Will    .....        (no amulet)
Stlth   ++           x - ring of positive energy
HPRegen 0.29/turn    (no ring)
MPRegen 0.00/turn

%: infuse magic (-6 HP)
@: gold aura, flying
A: sickness immunity, fire resistance 2, cold vulnerability 1, float, innate
caster, HP casting, extra vitality 1
a: Renounce Religion, Potion Petition, Call Merchant, Bribe Branch


You were on level 6 of the Dungeon.
You worshipped Gozag.
Gozag was aware of your devotion.
You visited 2 branches of the dungeon, and saw 7 of its levels.
You also visited: Sewer.

You collected 504 gold pieces.
You paid 147 gold pieces to Gozag.

Inventory:

Hand Weapons
 n - a +1 dagger of venom
 v - the +4 rapier "Ywniutae" (weapon) {freeze, rElec rF+}
   (You found it on level 5 of the Dungeon)

   rF:        It protects you from fire.
   rElec:     It insulates you from electricity.
Armour
 a - a +0 robe (worn)
 h - a +0 buckler (worn)
Jewellery
 x - a ring of positive energy (left hand)
Wands
 t - a wand of polymorph (5)
 w - a wand of roots (6)
Scrolls
 d - 2 scrolls of immolation
 g - 2 scrolls of blinking
 l - 2 scrolls of teleportation {unknown}
 q - a scroll of brand weapon {unknown}
 r - 2 scrolls of enchant weapon {unknown}
 y - a scroll of butterflies {unknown}
 z - a scroll of poison {unknown}
Potions
 b - 2 potions of mutation {unknown}
 c - 4 potions of heal wounds
 e - 4 potions of resistance
 f - a potion of magic {unknown}
 j - 2 potions of cancellation {unknown}
 k - 4 potions of curing
 m - 3 potions of might {unknown}
 o - a potion of degeneration {unknown}
 p - 2 potions of lignification {unknown}
 u - 3 potions of haste {unknown}


   Skills:
 * Level 5.2 Fighting
 - Level 2.1 Dodging
 - Level 1.5 Stealth
 + Level 3.5 Shields
 * Level 6.1 Spellcasting
 + Level 3.4 Evocations


You knew the following spells:

 Your Spells              Type           Power      Damage    Failure   Level
a - Magic Dart            Conj           100%       1d8       1%          1
b - Searing Ray           Conj           64%        2d6       1%          2
c - Dazzling Flash        Conj/Hex       64%        N/A       3%          3
d - Fulminant Prism       Conj/Hex       16%        3d10      13%         4
e - Iskenderun's Mystic   Conj/Tloc      32%        2d8       13%         4
f - Apportation           Tloc           64%        N/A       1%          1
g - Scorch                Fire           64%        2d7       1%          2
h - Call Canine Familiar  Summ           32%        N/A       3%          3
Your spell library was empty.

Dungeon Overview and Level Annotations

Branches:
Dungeon (6/15)             Temple (1/1) D:6           Sewer (visited)

Altars:
Cheibriados
Dithmenos
Elyvilon
Gozag
Hepliaklqana
Makhleb
Nemelex Xobeh
Okawaru
Qazlal
Ru
Uskayaw
Wu Jian
Xom
Yredelemnul
The Shining One


Innate Abilities, Weirdness & Mutations

You are immune to sickness and miasma.
You are immune to poison.
Your flesh is very heat resistant. (rF++)
You are vulnerable to cold. (rC-)
You float through the air rather than walking.
You learn spells naturally, not from books.
Your magical power is your life essence.
You have superior vitality. (+4 MHP)


Message History

The sky beast is severely wounded.
The sky beast closely misses you.
Casting: Magic Dart (safe; 1% risk of failure)
Confirm with . or Enter, or press ? or * to list all spells.
Aiming: Magic Dart (safe; 1% risk of failure)
Press: ? - help, Shift-Dir - straight line, f/p - sky beast
Aim: a sky beast (severely wounded, 100% to hit)
The magic dart hits the sky beast.
The sky beast is almost dead.
The sky beast hits you. The sky beast shocks you. You resist.
Casting: Magic Dart (safe; 1% risk of failure)
Confirm with . or Enter, or press ? or * to list all spells.
Aiming: Magic Dart (safe; 1% risk of failure)
Press: ? - help, Shift-Dir - straight line, f/p - sky beast
Aim: a sky beast (almost dead, 100% to hit)
The magic dart hits the sky beast.
You kill the sky beast!
Casting: Magic Dart (safe; 1% risk of failure)
Confirm with . or Enter, or press ? or * to list all spells.
You can't see any susceptible monsters within range! (Use Z to cast anyway.)
A white imp comes into view.
You see here 13 gold pieces.
You now have 357 gold pieces (gained 13).
A white imp is nearby!
Casting: Magic Dart (safe; 1% risk of failure)
Confirm with . or Enter, or press ? or * to list all spells.
Aiming: Magic Dart (safe; 1% risk of failure)
Press: ? - help, Shift-Dir - straight line, f - white imp
Aim: a white imp (asleep, 100% to hit)
The magic dart hits the white imp.
The white imp is lightly wounded.
The white imp shouts!
Casting: Magic Dart (safe; 1% risk of failure)
Confirm with . or Enter, or press ? or * to list all spells.
Aiming: Magic Dart (safe; 1% risk of failure)
Press: ? - help, Shift-Dir - straight line, f/p - white imp
Aim: a white imp (lightly wounded, 100% to hit)
The magic dart hits the white imp but does no damage.
The white imp is lightly wounded.
Casting: Magic Dart (safe; 1% risk of failure)
Confirm with . or Enter, or press ? or * to list all spells.
Aiming: Magic Dart (safe; 1% risk of failure)
Press: ? - help, Shift-Dir - straight line, f/p - white imp
Aim: a white imp (lightly wounded, 100% to hit)
The magic dart hits the white imp.
The white imp is lightly wounded.
Casting: Magic Dart (safe; 1% risk of failure)
Confirm with . or Enter, or press ? or * to list all spells.
Aiming: Magic Dart (safe; 1% risk of failure)
Press: ? - help, Shift-Dir - straight line, f/p - white imp
Aim: a white imp (lightly wounded, 100% to hit)
The magic dart hits the white imp.
The white imp is heavily wounded.
The white imp gestures at you. The puff of frost hits you!
You feel a terrible chill!
* * * LOW HITPOINT WARNING * * *
Unknown command.
Casting: Magic Dart (safe; 1% risk of failure)
Confirm with . or Enter, or press ? or * to list all spells.
Aiming: Magic Dart (safe; 1% risk of failure)
Press: ? - help, Shift-Dir - straight line, f/p - white imp
Aim: a white imp (heavily wounded, 100% to hit)
The magic dart hits the white imp.
The white imp is severely wounded.
* * * LOW HITPOINT WARNING * * *
The white imp lashes its tail.
Casting: Magic Dart (safe; 1% risk of failure)
Confirm with . or Enter, or press ? or * to list all spells.
Aiming: Magic Dart (safe; 1% risk of failure)
Press: ? - help, Shift-Dir - straight line, f/p - white imp
Aim: a white imp (severely wounded, 100% to hit)
The magic dart hits the white imp.
The white imp is almost dead.
* * * LOW HITPOINT WARNING * * *
The white imp gestures at you. The puff of frost hits you!
You feel a terrible chill!
* * * LOW HITPOINT WARNING * * *
Casting: Magic Dart (safe; 1% risk of failure)
Confirm with . or Enter, or press ? or * to list all spells.
Aiming: Magic Dart (safe; 1% risk of failure)
Press: ? - help, Shift-Dir - straight line, f/p - white imp
Aim: a white imp (almost dead, 100% to hit)
The magic dart hits the white imp but does no damage.
The white imp is almost dead.
* * * LOW HITPOINT WARNING * * *
The white imp gestures at you. The puff of frost hits you!
You feel a terrible chill!
* * * LOW HITPOINT WARNING * * *
Casting: Magic Dart (safe; 1% risk of failure)
Confirm with . or Enter, or press ? or * to list all spells.
Aiming: Searing Ray (safe; 1% risk of failure)
Press: ? - help, Shift-Dir - straight line, f/p - white imp
Aim: a white imp (almost dead, 81% to hit)
The searing ray misses the white imp. (Press . to maintain the ray.)
* * * LOW HITPOINT WARNING * * *
The white imp gestures at you. The puff of frost hits you!
You feel a terrible chill!
You die...
Your body crumbles into a pile of gold.

#...≈.≈...≈.≈.............
#...≈.≈._.≈.≈...........##
#...≈.≈...≈.≈.#.........#
#...≈.≈≈≈≈≈.≈.#.........#
#...≈.......≈.#.........#
###.≈≈≈≈≈§§.§.#......####
#...........######## ###
######..........# #..
#.@...####'######..
#........#.......#..
#........#.......'..
#..5.....#.......##.
#........#.......##.
#........#.......##.
#........#......(##.
#........#.......##.
#.......##.


You could see a white imp.

Vanquished Creatures
  2 water moccasins (D:6)
  Pargi (Sewer)
  An ogre (D:4)
  A black bear (D:5)
  2 sky beasts
  2 scorpions
  2 howler monkeys (D:4)
  2 hounds
  2 jellies
  An orc priest (D:6)
  An iguana (D:6)
  An orc wizard (D:6)
  8 adders
  3 ufetubi
  4 worms
  3 dart slugs
  7 orcs
  9 endoplasms
  6 giant cockroaches
  7 goblins
  4 hobgoblins
  4 jackals (D:4)
  10 kobolds
  5 quokkas
  10 ball pythons
  7 bats
  9 frilled lizards
  6 rats
120 creatures vanquished.

Vanquished Creatures (collateral kills)
  A hound (D:5)
  An iguana (D:5)
  An adder (D:5)
3 creatures vanquished.

Vanquished Creatures (others)
  6 fulminant prisms
6 creatures vanquished.

Grand Total: 129 creatures vanquished

Notes
Turn   | Place    | Note
-------+----------+-------------------------------------------
     0 | D:1      | RascalDebosk the Djinni Conjurer began the quest for the
                  | Orb.
     0 | D:1      | RascalDebosk set off with the following spells memorised:
                  | Magic Dart, Searing Ray, Dazzling Flash, Fulminant Prism,
                  | Iskenderun's Mystic Blast.
     0 | D:1      | Reached XP level 1. HP: 15/15 MP: 0/0
   118 | D:1      | Reached XP level 2. HP: 19/21 MP: 0/0
   305 | D:1      | Reached XP level 3. HP: 12/25 MP: 0/0
   305 | D:1      | Learned a level 1 spell: Apportation
   682 | D:2      | Reached skill level 4 in Spellcasting
   996 | D:2      | Reached XP level 4. HP: 27/31 MP: 0/0
  1872 | D:3      | Found a faded altar of an unknown god.
  2315 | D:4      | Noticed an ogre
  2320 | D:4      | Killed an ogre
  2321 | D:4      | Reached skill level 1 in Fighting
  2321 | D:4      | Reached skill level 1 in Shields
  2321 | D:4      | Reached skill level 1 in Evocations
  2321 | D:4      | Reached XP level 5. HP: 26/38 MP: 0/0
  2321 | D:4      | Learned a level 2 spell: Scorch
  2428 | D:4      | Reached XP level 6. HP: 38/43 MP: 0/0
  2756 | D:4      | Reached skill level 5 in Spellcasting
  2895 | D:4      | Found an ornate altar of the Wu Jian Council.
  3387 | D:5      | Entered Level 5 of the Dungeon
  3433 | D:5      | Identified the +4 rapier "Ywniutae" {freeze, rElec rF+}
  3477 | D:5      | Reached XP level 7. HP: 44/49 MP: 0/0
  3477 | D:5      | Learned a level 3 spell: Call Canine Familiar
  3699 | D:5      | Found an iron altar of Okawaru.
  4233 | D:6      | Found a glowing drain.
  4245 | D:6      | Reached XP level 8. HP: 28/58 MP: 0/0
  4418 | Sewer    | Entered a sewer
  4542 | Sewer    | Noticed Pargi
  4574 | Sewer    | Killed Pargi
  5175 | D:6      | Found a hazy altar of Hepliaklqana.
  5225 | D:6      | Found a staircase to the Ecumenical Temple.
  5237 | D:6      | Reached skill level 5 in Fighting
  5237 | D:6      | Reached skill level 6 in Spellcasting
  5240 | Temple   | Entered the Ecumenical Temple
  5240 | Temple   | Found a transporter.
  5240 | Temple   | Found a transporter.
  5273 | Temple   | Found a transporter.
  5273 | Temple   | Found a transporter.
  5293 | Temple   | Became a worshipper of Gozag Ym Sagoz the Greedy
  5389 | D:6      | Found a shimmering altar of Xom.
  5439 | D:6      | Found a snail-covered altar of Cheibriados.
  5579 | D:6      | Killed from afar by a white imp

Illustrated notes

Levels and vault maps discovered:
D:1:      lightli_arrival_flooded_house, layout_rooms, minmay_misc_feat_pillars
D:2:      minmay_evil_eye, layout_basic
D:3:      layout_basic, ebering_ecumenical_altar_box,
          kennysheep_cross_bottleneck, hangedman_decor_push,
          minmay_gold_behind_fungi
D:4:      layout_gridville, nicolae_wu_jian_immortal_techniques,
          lemuel_blue_sif_altar
D:5:      layout_loops_cross, okawaru_gym_becter
D:6:      layout_basic, worldfamousw_hep_ancestral_shrine,
          mainiacjoe_overflow_concentric_impassable, slow_altar_2,
          minmay_temple_entry_mini_moons, cheibrodos_sewer_entry_sluice,
          minivault_11
Temple:   hellmonk_temple_divided_pantheon

Skill      XL: |  1  2  3  4  5  6  7  8 |
---------------+-------------------------+-----
Spellcasting   | 4 5 6 |  6.1
Fighting       | 1 2 4 5 |  5.2
Shields        | 1 2 3 |  3.5
Evocations     | 1 2 3 |  3.4
Dodging        | |  2.1
Stealth        | |  1.5

Action                     |  1- 3 |  4- 6 |  7- 9 || total
---------------------------+-------+-------+-------++-------
  Melee: Dagger            |       |     3 |       ||     3
         Rapier            |       |     2 |     3 ||     5
   Cast: Magic Dart        |    66 |    82 |    71 ||   219
         Searing Ray       |     3 |     5 |     8 ||    16
         Apportation       |     1 |       |       ||     1
         Fulminant Prism   |       |     3 |     3 ||     6
         Iskenderun's Myst |       |     1 |    17 ||    18
         Scorch            |       |    11 |     5 ||    16
         Call Canine Famil |       |       |     2 ||     2
    Use: Scroll            |       |       |     5 ||     5
 Armour: Robe              |     1 |       |     1 ||     2
  Dodge: Dodged            |     1 |     7 |    20 ||    28
  Block: Buckler           |       |       |     5 ||     5
